 Dungeon Sprint DCSS version 0.31-a0-325-g067879e3d3 (webtiles) character file.

Game seed: 8334162487688489732

136605 Conn the Sorcerer (level 16, -1/92 HPs)
             Began as an Octopode Fire Elementalist on July 18, 2023.
             Was the Champion of Sif Muna.
             Slain by an Executioner (23 damage)
             ... summoned by Gloorx Vloq
             ... in the Dungeon (Sprint III: "The Ten Rune Challenge").
             The game lasted 01:34:02 (13167 turns).

Conn the Sorcerer (Octopode Fire Elementalist)     Turns: 13167, Time: 01:34:02

Health: -1/92      AC:  2    Str: 22      XL:     16   Next: 50%
Magic:  0/46       EV: 14    Int: 43      God:    Sif Muna [******]
Gold:   4          SH: 14    Dex: 14 (15) Spells: 2/68 levels left

rFire   + . .        t - +4 morningstar of the Last Yaks {protect, rF+ Will+ rCorr SInv}
rCold   . . .        O - +0 tower shield
rNeg    . . .        C - +1 hat {Stlth+}
rPois   +            k - amulet of guardian spirit
rElec   +            b - ring of Qompy {rPois Str+6 Dex+5 SInv}
rCorr   +            s - ring "Zineem" {Wiz Str+3}
SInv    +            w - ring of Hyam {rElec Will- Str+6 Int+8 Dex-5}
Will    +....        d - ring of wizardry
Stlth   +++++++      x - ring of see invisible
HPRegen 0.35/turn    G - +6 ring of intelligence
MPRegen 0.30/turn    (no ring)
                     I - +6 ring of intelligence

%: no teleportation, guardian spirit, wizardry (x2)
@: studying Dodging
A: almost no armour, amphibious, 8 rings, camouflage 1, gelatinous body 1,
(nimble swimmer 1), tentacles
}: 2/10 runes: serpentine, barnacled
a: Renounce Religion, Channel Magic, Forget Spell, Divine Exegesis


You were in the Dungeon.
You worshipped Sif Muna.
Sif Muna was exalted by your worship.
You visited 1 branch You collected 3261 gold pieces.
You spent 3257 gold pieces at shops.

Inventory:

Hand Weapons
 h - a +0 dagger
 o - a +2 dagger of holy wrath
 p - a +3 long sword of holy wrath
 r - the +2 hand axe "Egrasm" {heavy, *Rage Fly rPois Int+3}
   (You took it off a deep elf high priest in the Dungeon)

   Int:       It affects your intelligence (+3).
   rPois:     It protects you from poison.
   Fly:       It grants you flight.
   *Rage:     It berserks you when you make melee attacks (+20% chance).
 t - the +4 morningstar of the Last Yaks (weapon) {protect, rF+ Will+ rCorr SInv}
   (You took it off a deep elf annihilator in the Dungeon)

   rF:        It protects you from fire.
   SInv:      It lets you see invisible.
   rCorr:     It protects you from acid and corrosion.
   Will:      It increases your willpower.
 u - the +2 scimitar "Syfunufa" {speed, rC+ rN+}
   (You took it off a deep elf high priest in the Dungeon)

   rC:        It protects you from cold.
   rN:        It protects you from negative energy.
 z - the +5 arbalest of the Girdle {penet, Contam Str+6 Int+3}
   (You found it in the Dungeon)

   Str:       It affects your strength (+6).
   Int:       It affects your intelligence (+3).
   Contam:    It causes magical contamination when unequipped.
 N - the +2 short sword of Hutzouw {freeze, *Noise Will+ Str+2 Dex+2}
   (You found it in the Dungeon)

   Str:       It affects your strength (+2).
   Dex:       It affects your dexterity (+2).
   *Noise:    It may make noises in combat.
   Will:      It increases your willpower.
Missiles
 J - 7 curare-tipped darts (quivered)
Armour
 C - a +1 hat of stealth (worn)
 O - a +0 tower shield (worn)
Magical Staves
 B - a staff of conjuration
Jewellery
 b - the ring of Qompy (left tentacle) {rPois Str+6 Dex+5 SInv}
   (You acquired it in the Dungeon)

   [ring of strength]

   Str:       It affects your strength (+6).
   Dex:       It affects your dexterity (+5).
   rPois:     It protects you from poison.
   SInv:      It lets you see invisible.
 d - a ring of wizardry (on tentacle)
 k - an amulet of guardian spirit (around mantle)
 s - the ring "Zineem" (right tentacle) {Wiz Str+3}
   (You took it off a deep elf annihilator in the Dungeon)

   [ring of wizardry]

   It improves your spell success rate.
   Str:       It affects your strength (+3).
 w - the ring of Hyam (on tentacle) {rElec Will- Str+6 Int+8 Dex-5}
   (You found it in the Dungeon)

   [ring of strength]

   Str:       It affects your strength (+6).
   Int:       It affects your intelligence (+8).
   Dex:       It affects your dexterity (-5).
   rElec:     It insulates you from electricity.
   Will:      It decreases your willpower.
 x - a ring of see invisible (on tentacle)
 G - a +6 ring of intelligence (on tentacle)
 H - a ring of fire
 I - a +6 ring of intelligence (on tentacle)
Talismans
 g - a beast talisman
 A - a talisman of death
 D - a maw talisman
 L - a maw talisman
 P - a granite talisman
Wands
 y - a wand of paralysis (4)
 K - a wand of mindburst (31)
Scrolls
 f - a scroll of fear
 i - a scroll of vulnerability
 j - a scroll of immolation
 m - 2 scrolls of poison
Potions
 a - 2 potions of magic
 c - 4 potions of heal wounds
 e - a potion of berserk rage
 l - 3 potions of enlightenment
 n - 6 potions of mutation
 E - 4 potions of curing
Miscellaneous
 q - a phantom mirror
 v - the horn of Geryon


   Skills:
 + Level 2.9 Fighting
 + Level 2.2 Short Blades
 + Level 0.9 Maces & Flails
 + Level 3.3 Ranged Weapons
 + Level 7.8 Dodging
 * Level 13.1 Stealth
 * Level 5.5 Shields
 + Level 26.7 Spellcasting
 * Level 18.8 Conjurations
 + Level 7.6 Hexes
 - Level 10.0 Summonings
 - Level 7.8 Translocations
 * Level 25.3 Fire Magic
 * Level 8.4 Ice Magic
 + Level 3.7 Air Magic
 + Level 0.6 Earth Magic
 + Level 1.8 Poison Magic
 - Level 14.0 Invocations


You had 2 spell levels left.
You knew the following spells:

 Your Spells              Type           Power      Damage    Failure   Level
a - Foxfire               Conj/Fire      100%       2x1d9     0%          1
b - Scorch                Fire           100%       2d9       0%          2
c - Inner Flame           Hex/Fire       100%       N/A       0%          3
d - Fire Storm            Conj/Fire      64%        8d16      4%          9
e - Fireball              Conj/Fire      64%        3d24      0%          5
f - Blink                 Tloc           100%       N/A       1%          2
g - Summon Cactus Giant   Summ           48%        N/A       1%          6
h - Summon Small Mammal   Summ           100%       N/A       0%          1
i - Starburst             Conj/Fire      64%        6d17      1%          6
j - Stone Arrow           Conj/Erth      100%       3d13      1%          3
k - Mephitic Cloud        Conj/Pois/Air  91%        N/A       1%          3
l - Ignition              Fire           67%        3d18      1%          8
m - Summon Lightning Spi  Summ/Air       86%        N/A       1%          4
n - Iskenderun's Mystic   Conj/Tloc      100%       2d19      1%          4
o - Hailstorm             Conj/Ice       100%       3d20      0%          3
p - Dispersal             Tloc           45%        N/A       2%          6

Your spell library contained the following spells:

 Spells                   Type           Power      Damage    Failure   Level
 Magic Dart               Conj           100%       1d8       0%          1
 Shock                    Conj/Air       100%       1d9       0%          1
 Momentum Strike          Conj/Tloc      100%       3d10      0%          2
 Searing Ray              Conj           100%       2d8       0%          2
 Static Discharge         Conj/Air       100%       2-7/arc   0%          2
 Apportation              Tloc           100%       N/A       1%          1
 Kiss of Death            Conj/Necr      100%       2d13      1%          1
 Necrotise                Necr           100%       1d9       1%          1
 Sandblast                Erth           100%       2d20      1%          1
 Slow                     Hex            100%       N/A       1%          1
 Sting                    Tmut/Pois      100%       1d8       1%          1
 Call Imp                 Summ           100%       N/A       1%          2
 Cigotuvi's Dreadful Rot  Necr/Pois/Air  100%       N/A       1%          2
 Ensorcelled Hibernation  Hex/Ice        100%       N/A       1%          2
 Lesser Beckoning         Tloc           100%       N/A       1%          2
 Passwall                 Tmut/Erth      46%        N/A       1%          2
 Poisonous Vapours        Pois/Air       100%       N/A       1%          2
 Sublimation of Blood     Necr           55%        N/A       1%          2
 Wereblood                Tmut           55%        N/A       1%          2
 Dazzling Flash           Conj/Hex       100%       N/A       0%          3
 Volatile Blastmotes      Fire/Tloc      100%       2d18      0%          3
 Flame Wave               Conj/Fire      100%       2d21      0%          4
 Sticky Flame             Conj/Fire      100%       2d11      0%          4
 Iskenderun's Battlesphe  Conj           100%       2d15      0%          5
 Call Canine Familiar     Summ           97%        N/A       1%          3
 Confusing Touch          Hex            89%        N/A       1%          3
 Frozen Ramparts          Ice            100%       1d16      1%          3
 Gell's Gravitas          Tloc           90%        N/A       1%          3
 Ignite Poison            Fire/Tmut/Pois 94%        N/A       1%          3
 Portal Projectile        Hex/Tloc       100%       N/A       1%          3
 Summon Guardian Golem    Hex/Summ       93%        N/A       1%          3
 Swiftness                Air            74%        N/A       1%          3
 Teleport Other           Tloc           90%        N/A       1%          3
 Tukima's Dance           Hex            89%        N/A       1%          3
 Vampiric Draining        Necr           55%        2d9       1%          3
 Vhi's Electric Charge    Tloc/Air       100%       N/A       1%          3
 Airstrike                Air            37%        2d(6-22)  1%          4
 Anguish                  Hex/Necr       37%        N/A       1%          4
 Cause Fear               Hex            44%        N/A       1%          4
 Fulminant Prism          Conj/Hex       53%        3d22      1%          4
 Leda's Liquefaction      Hex/Erth       37%        N/A       1%          4
 Manifold Assault         Tloc           90%        N/A       1%          4
 Passage of Golubria      Tloc           90%        N/A       1%          4
 Summon Ice Beast         Ice/Summ       95%        N/A       1%          4
 Arcjolt                  Conj/Air       50%        1d60      1%          5
 Freezing Cloud           Conj/Ice/Air   49%        6-21      1%          5
 Irradiate                Conj/Tmut      47%        3d27      1%          5
 Metabolic Englaciation   Hex/Ice        45%        N/A       1%          5
 Silence                  Hex/Air        41%        N/A       1%          5
 Summon Forest            Summ/Tloc      46%        N/A       1%          5
 Summon Mana Viper        Hex/Summ       93%        N/A       1%          5
 Conjure Ball Lightning   Conj/Air       50%        3x3d17    1%          6
 Leda's Unmaking          Conj/Erth      48%        9d8       1%          6
 Plasma Beam              Fire/Air       55%        2x1d70    1%          6
 Orb of Destruction       Conj           60%        9d15      1%          7
 Spellforged Servitor     Conj/Summ      55%        N/A       1%          7
 Yara's Violent Unravell  Hex/Tmut       37%        3d15      2%          5
 Dispel Undead            Necr           55%        3d20      4%          4
 Monstrous Menagerie      Summ           48%        N/A       5%          7
 Summon Hydra             Summ           48%        N/A       5%          7
 Alistair's Intoxication  Tmut/Pois      40%        N/A       7%          5
 Lee's Rapid Deconstruct  Erth           29%        3d15*     9%          5
 Malign Gateway           Summ/Tloc      46%        N/A       9%          7
 Borgnjor's Vile Clutch   Necr/Erth      28%        N/A       10%         5
 Agony                    Necr           55%        N/A       11%         5
 Simulacrum               Ice/Necr       38%        N/A       11%         6
 Enfeeble                 Hex            44%        N/A       14%         7
 Eringya's Noxious Bog    Tmut/Pois      30%        4d6       36%         6
 Haunt                    Necr/Summ      39%        N/A       36%         7
 Summon Horrible Things   Summ           48%        N/A       36%         8
 Lehudib's Crystal Spear  Conj/Erth      48%        10d11     41%         8
 Death Channel            Necr           27%        N/A       45%         6
 Disjunction              Tloc           45%        N/A       65%         8
 Discord                  Hex            44%        N/A       67%         8
 Chain Lightning          Conj/Air       50%        3d67      96%         9
 Maxwell's Capacitive Co  Air            37%        ∞         99%         8
 Dragon's Call            Summ           48%        N/A       99%         9
 Borgnjor's Revivificati  Necr           27%        N/A       100%        8
 Infestation              Necr           27%        N/A       100%        8
 Death's Door             Necr           27%        N/A       100%        9
 Polar Vortex             Ice            46%        12d6*     100%        9
 Shatter                  Erth           29%        3d24*     100%        9


Dungeon Overview and Level Annotations

Branches:
Dungeon (1/1)

Altars:
Cheibriados
Dithmenos
Elyvilon
Fedhas
Gozag
Hepliaklqana
Kikubaaqudgha
Makhleb
Nemelex Xobeh
Okawaru
Qazlal
Ru
Sif Muna
Trog
Uskayaw
Vehumet
Wu Jian
Xom
Yredelemnul
Zin
The Shining One
Jiyva
Lugonu

Shops:
D ?[=*(!=!!!![*!?[(?(=?[:

Annotations:
D Gloorx Vloq, Serpent of Hell


Innate Abilities, Weirdness & Mutations

You cannot wear most types of armour.
You are amphibious.
You can wear up to eight rings at the same time.
Your skin changes colour to match your surroundings (Stealth+).
Your rubbery body absorbs attacks. (AC +1, EV +1)
((You are camouflaged when in or above water. (Stealth+)))
You have tentacles for arms and can constrict up to eight enemies at once.


Message History

Unknown command.
Unknown command.
Casting: Fire Storm (quite dangerous; 4% risk of failure)
Confirm with . or Enter, or press ? or * to list all spells.
Okay, then.
Unknown command.
Casting: Fire Storm (quite dangerous; 4% risk of failure)
Confirm with . or Enter, or press ? or * to list all spells.
Okay, then.
Unknown command.
Blink to where?
Press: ? - help, Dir - move target, p - Executioner
As you read the scroll of blinking, it crumbles to dust.
The Executioner gestures.
The Executioner seems to speed up.
You hear a chilling moan.
Okay, then.
Okay, then.
Sif Muna accepts your kill.
You feel a bit more experienced. Sif Muna accepts your kill.
You feel a bit more experienced.
The Executioner gestures.
The Executioner seems to speed up.
Okay, then.
Okay, then.
Okay, then.
Unknown command.
Okay, then.
Your magical effects are unravelling.
You feel magically purged.
You feel yourself speed up. The Executioner closely misses you.
The Executioner hits you. x2
* * * LOW HITPOINT WARNING * * *
The Executioner closely misses you. The Executioner barely misses you.
You block the Executioner's attack. The Executioner hits you.
* * * LOW HITPOINT WARNING * * *
The Executioner closely misses you. You block the Executioner's attack.
The Executioner hits you!!
You die...

..§§≈≈≈≈. #~§§§§§.~#~~~##...
...≈≈.. #(~§§§§~(#'#'###.. .....
####§§####.#.# ##' ...
#.:§§§§..#'#####.≈
#######+###############.#.['∩∩#.≈
...............#...# ##.####∩∩#.≈
.....(.........#...###...###..#.)
..).(....)..).)11.)'.......'..+..
.÷)......1.....#@.)###...###..#≈≈
.)......:11....#...# ##.##∩#..#..
########°##############.#..#..###
5&. #......#'#'##..#.# v..1'
#.)....#.'..+..'#. #....#.
#..)..)#.####..#.# #######'
#.)...)'.#.####### .#
#......###.# ○§... #
#.###..#...#°○○...


You could see 2 Executioners.

Vanquished Creatures
  Mennas (D)
  Mara (D)
  2 royal mummies (D)
  Boris (D)
  Geryon (D)
  Nikola (D)
  Rupert (D)
  A deep elf master archer (D)
  A kraken (D)
  A sphinx (D)
  An Executioner (D)
  Harold (D)
  An ancient champion (D)
  Gastronok (D)
  A storm dragon (D)
  Roxanne (D)
  A nagaraja (D)
  4 azure jellies (D)
  A draconian knight (D)
  2 stone giants (D)
  2 vampire knights (D)
  2 dire elephants (D)
  A deep elf demonologist (D)
  3 deep elf annihilators (D)
  Nessos (D)
  9 mummy priests (D)
  A fire dragon (D)
  3 yaktaur captains (D)
  2 deep elf high priests (D)
  2 hydras (D)
  2 hell beasts (D)
  A vault guard (D)
  Erolcha (D)
  An alligator snapping turtle (D)
  An anaconda (D)
  A naga warrior (D)
  A dancing weapon (D)
  3 death yaks (D)
  Urug (D)
  3 deep elf knights (D)
  5 skeletal warriors (D)
  2 golden dragon zombies (D)
  A soul eater (D)
  A shadow wraith (D)
  A spectral iron dragon (D)
  An orange crystal statue (D)
  A death drake (D)
  A lindwurm (D)
  Joseph (D)
  2 orc knights (D)
  2 deep elf zephyrmancers (D)
  3 ugly things (D)
  3 crystal guardians (D)
  2 oklob plants (D)
  2 deep elf pyromancers (D)
  A stone giant skeleton (D)
  A faun (shapeshifter) (D)
  5 black mambas (D)
  A guardian serpent (D)
  A molten gargoyle (D)
  8 statues (D)
  2 elephants (D)
  2 cane toads (D)
  A komodo dragon (D)
  A rime drake (D)
  An anaconda simulacrum (D)
  11 guardian mummies (D)
  11 yaktaurs (D)
  A troll (shapeshifter) (D)
  A queen bee (D)
  3 wandering mushrooms (D)
  7 blink frogs (D)
  2 tyrant leeches (D)
  3 hornets (D)
  4 slime creatures (D)
  A snapping turtle (D)
  2 shadows (D)
  4 redbacks (D)
  A spatial vortex (D)
  3 iron troll simulacra (D)
  A naga (D)
  4 water moccasins (D)
  A swamp drake (D)
  2 orc warriors (D)
  5 two-headed ogres (D)
  A necrophage (D)
  A water elemental (D)
  32 killer bees (D)
  4 electric eels (D)
  A quasit (D)
  A jelly (D)
  3 orc priests (D)
  Jessica (D)
  A necromancer (D)
  A wizard (D)
  3 orc wizards (D)
  3 humans (D)
  A kobold demonologist (D)
  A wolf (D)
  4 adders (D)
  11 orcs (D)
  2 endoplasms (D)
  A goblin (D)
  A rat (D)
  A ball lightning (D)
  2 tentacles (D)
261 creatures vanquished.

Vanquished Creatures (collateral kills)
  A sphinx (D)
  A mummy priest (D)
  A centaur warrior (D)
  An alligator snapping turtle (D)
  3 dancing weapons (D)
  An anaconda (D)
  A death yak (D)
  A soul eater (D)
  2 sun demons (D)
  An ugly thing (D)
  A crystal guardian (D)
  2 black mambas (D)
  A guardian mummy (D)
  2 ice devils (D)
  4 spriggan defenders (D)
  2 orc high priests (D)
  A blink frog (D)
  A slime creature (D)
  3 snapping turtles (D)
  A redback (D)
  A naga (D)
  2 quasits (D)
  3 foxfires (D)
  2 tentacles (D)
39 creatures vanquished.

Vanquished Creatures (others)
  A skeletal warrior (D)
  2 ball lightnings (D)
  5 ballistomycete spores (D)
  51 fire vortices (D)
  272 foxfires (D)
  3 snaplasher vines (D)
  4 tentacles (D)
338 creatures vanquished.

Grand Total: 638 creatures vanquished

Notes
Turn   | Place    | Note
-------+----------+-------------------------------------------
     0 | D        | Conn the Octopode Fire Elementalist began the quest for the
                  | Orb.
     0 | D        | Reached XP level 1. HP: 11/11 MP: 3/3
    43 | D        | Noticed Jessica
    69 | D        | Killed Jessica
    70 | D        | Reached skill level 3 in Spellcasting
    70 | D        | Reached skill level 5 in Fire Magic
    70 | D        | Reached XP level 2. HP: 17/17 MP: 1/6
    70 | D        | Reached XP level 3. HP: 21/21 MP: 1/7
   154 | D        | Reached XP level 4. HP: 27/27 MP: 0/9
   248 | D        | Noticed a water elemental
   253 | D        | Learned a level 2 spell: Scorch
   257 | D        | Learned a level 3 spell: Inner Flame
   262 | D        | Learned a level 4 spell: Flame Wave
   262 | D        | Noticed a human
   262 | D        | Noticed a human
   278 | D        | Killed a water elemental
   279 | D        | Reached skill level 4 in Spellcasting
   279 | D        | Reached XP level 5. HP: 27/31 MP: 3/11
   280 | D        | Killed a human
   281 | D        | Reached skill level 6 in Spellcasting
   281 | D        | Reached XP level 6. HP: 27/36 MP: 0/15
   289 | D        | Killed a human
   290 | D        | Reached skill level 5 in Stealth
   290 | D        | Reached skill level 7 in Spellcasting
   290 | D        | Reached skill level 10 in Fire Magic
   401 | D        | Found an ornate altar of the Wu Jian Council.
   402 | D        | Found a hide-covered altar of Uskayaw.
   402 | D        | Found a bloodstained altar of Trog.
   404 | D        | Found an iron altar of Okawaru.
   413 | D        | Found a radiant altar of Vehumet.
   413 | D        | Found a shimmering blue altar of Sif Muna.
   413 | D        | Found an ancient bone altar of Kikubaaqudgha.
   416 | D        | Reached XP level 7. HP: 41/41 MP: 17/17
   427 | D        | Became a worshipper of Sif Muna the Loreminder
   436 | D        | Found a glowing silver altar of Zin.
   436 | D        | Found a glowing golden altar of the Shining One.
   436 | D        | Found a white marble altar of Elyvilon.
   436 | D        | Noticed a deep elf pyromancer
   441 | D        | Killed a deep elf pyromancer
   442 | D        | Reached skill level 1 in Short Blades
   442 | D        | Reached skill level 5 in Dodging
   442 | D        | Reached skill level 8 in Spellcasting
   500 | D        | Found a basalt altar of Yredelemnul.
   500 | D        | Found a shadowy altar of Dithmenos.
   500 | D        | Found a sacrificial altar of Ru.
   504 | D        | Reached skill level 9 in Spellcasting
   504 | D        | Reached XP level 8. HP: 46/46 MP: 12/21
   505 | D        | Reached * piety under Sif Muna
   562 | D        | Learned a level 1 spell: Summon Small Mammal
   570 | D        | Noticed a shadow
   575 | D        | Killed a shadow
   580 | D        | Found a blossoming altar of Fedhas.
   580 | D        | Found a stormy altar of Qazlal.
   581 | D        | Found a snail-covered altar of Cheibriados.
   581 | D        | Found a burning altar of Makhleb.
   581 | D        | Found a hazy altar of Hepliaklqana.
   581 | D        | Found a shimmering altar of Xom.
   581 | D        | Found an opulent altar of Gozag.
   581 | D        | Found a sparkling altar of Nemelex Xobeh.
   581 | D        | Found a corrupted altar of Lugonu.
   581 | D        | Found a viscous altar of Jiyva.
   738 | D        | Reached ** piety under Sif Muna
   832 | D        | Reached skill level 1 in Hexes
   836 | D        | Reached skill level 10 in Spellcasting
   964 | D        | Noticed a two-headed ogre
  1010 | D        | Killed a two-headed ogre
  1010 | D        | Reached *** piety under Sif Muna
  1011 | D        | Reached skill level 5 in Conjurations
  1011 | D        | Reached skill level 1 in Summonings
  1011 | D        | Reached XP level 9. HP: 51/51 MP: 10/23
  1116 | D        | Noticed a two-headed ogre
  1116 | D        | Noticed Erolcha
  1299 | D        | Killed Erolcha
  1300 | D        | Reached skill level 11 in Spellcasting
  1334 | D        | Killed a two-headed ogre
  1449 | D        | Reached skill level 12 in Spellcasting
  1643 | D        | Noticed a queen bee
  1646 | D        | Reached **** piety under Sif Muna
  1646 | D        | Reached ***** piety under Sif Muna
  1646 | D        | Received a gift from Sif Muna
  1646 | D        | Received a gift from Sif Muna
  1647 | D        | Reached skill level 15 in Fire Magic
  1647 | D        | Reached XP level 10. HP: 21/57 MP: 24/26
  1957 | D        | Reached skill level 13 in Spellcasting
  1960 | D        | Reached skill level 1 in Fighting
  1961 | D        | Received a gift from Sif Muna
  1966 | D        | Got Sif Muna's Textbook on Transposition {god gift}
  1970 | D        | Learned a level 2 spell: Blink
  1976 | D        | Learned a level 5 spell: Summon Forest
  1991 | D        | Reached ****** piety under Sif Muna
  2154 | D        | Reached skill level 1 in Invocations
  2214 | D        | Got Sif Muna's Almanac of Forces {god gift}
  2214 | D        | Got Luecoak's Catalogue of Anthracomancy and Bruises {god
                  | gift}
  2221 | D        | Learned a level 5 spell: Fireball
  2228 | D        | Learned a level 6 spell: Starburst
  2407 | D        | Noticed a cane toad
  2407 | D        | Noticed a cane toad
  2410 | D        | Received a gift from Sif Muna
  2410 | D        | Killed a cane toad
  2411 | D        | Killed a cane toad
  2412 | D        | Reached skill level 5 in Hexes
  2412 | D        | Got Pooxtimn's Parchment of Coarse Poisoning {god gift}
  2485 | D        | Learned a level 3 spell: Stone Arrow
  2489 | D        | Learned a level 3 spell: Mephitic Cloud
  2494 | D        | Noticed Harold
  2494 | D        | Noticed Joseph
  2518 | D        | Found Fuetoan's General Store.
  2522 | D        | Received a gift from Sif Muna
  2545 | D        | Received a gift from Sif Muna
  2546 | D        | Got Sif Muna's Octavo of the Swarm and Lamentation {god
                  | gift}
  2549 | D        | Got Hexuc's Thoughts on Allied Enchantment {god gift}
  2748 | D        | Bought a potion of heal wounds for 70 gold pieces
  2748 | D        | Bought a scroll of acquirement for 728 gold pieces
  2748 | D        | Bought a scroll of fear for 56 gold pieces
  2748 | D        | Bought a scroll of identify for 28 gold pieces
  2752 | D        | Acquired the ring of Qompy {rPois Str+6 Dex+5 SInv}
  2756 | D        | Bought a scroll of poison for 56 gold pieces
  2758 | D        | Bought an amulet of guardian spirit for 420 gold pieces
  2769 | D        | Noticed a deep elf knight
  2769 | D        | Noticed a deep elf zephyrmancer
  2769 | D        | Noticed a deep elf zephyrmancer
  2769 | D        | Noticed a deep elf pyromancer
  2769 | D        | Noticed a deep elf knight
  2790 | D        | Killed a deep elf knight
  2791 | D        | Reached skill level 14 in Spellcasting
  2791 | D        | Reached skill level 5 in Summonings
  2791 | D        | Reached XP level 11. HP: 44/63 MP: 13/29
  2795 | D        | Killed a deep elf pyromancer
  2796 | D        | Reached skill level 5 in Invocations
  2805 | D        | Killed a deep elf knight
  2807 | D        | Killed a deep elf zephyrmancer
  2807 | D        | Killed a deep elf zephyrmancer
  2942 | D        | Noticed a deep elf demonologist
  2946 | D        | Identified the +2 hand axe "Egrasm" {heavy, *Rage Fly rPois
                  | Int+3}
  2946 | D        | Noticed a deep elf high priest
  2949 | D        | Killed a deep elf high priest
  2950 | D        | Killed a deep elf demonologist
  3064 | D        | Noticed a deep elf annihilator
  3066 | D        | Identified the +4 morningstar of the Last Yaks {protect,
                  | rF+ Will+ rCorr SInv}
  3066 | D        | Identified the ring "Zineem" {Wiz Str+3}
  3066 | D        | Noticed a deep elf annihilator
  3070 | D        | Killed a deep elf annihilator
  3071 | D        | Reached skill level 15 in Spellcasting
  3075 | D        | Noticed a deep elf annihilator
  3076 | D        | Noticed a deep elf master archer
  3232 | D        | Identified the +2 scimitar "Syfunufa" {speed, rC+ rN+}
  3232 | D        | Identified the +3 scale mail of Anaesthesia {rElec}
  3232 | D        | Noticed a deep elf high priest
  3257 | D        | Killed a deep elf annihilator
  3257 | D        | Received a gift from Sif Muna
  3263 | D        | Got Sif Muna's Handbook of the Caves and Orientation {god
                  | gift}
  3319 | D        | Killed a deep elf high priest
  3320 | D        | Killed a deep elf master archer
  3321 | D        | Reached skill level 1 in Air Magic
  3321 | D        | Reached XP level 12. HP: 51/69 MP: 2/31
  3487 | D        | Killed a deep elf annihilator
  3488 | D        | Reached skill level 10 in Conjurations
  3656 | D        | Identified the ring of Hyam {rElec Will- Str+6 Int+8 Dex-5}
  3661 | D        | Got Liaf's Guide on Grim Ouranomancy
  3661 | D        | Got Elittyme's Grimoire of the Bright Blizzard
  3662 | D        | Identified the +6 chain mail "Okiohog" {Contam Fly Int+4
                  | Dex+3}
  3664 | D        | Identified the +5 arbalest of the Girdle {penet, Contam
                  | Str+6 Int+3}
  3744 | D        | Learned a level 3 spell: Call Canine Familiar
  3852 | D        | Received a gift from Sif Muna
  3855 | D        | Got Sif Muna's Book of the Union and Impulse {god gift}
  3956 | D        | Noticed a dire elephant
  3956 | D        | Noticed a dire elephant
  3959 | D        | Reached skill level 16 in Spellcasting
  3962 | D        | Killed a dire elephant
  3976 | D        | Killed a dire elephant
  4079 | D        | Noticed Gastronok
  4092 | D        | Killed Gastronok
  4093 | D        | Reached skill level 1 in Translocations
  4225 | D        | Learned a level 4 spell: Summon Lightning Spire
  4234 | D        | Noticed Rupert
  4240 | D        | Paralysed by Rupert for 3 turns
  4248 | D        | Killed Rupert
  4249 | D        | Reached skill level 10 in Invocations
  4290 | D        | Noticed an azure jelly
  4290 | D        | Noticed an azure jelly
  4290 | D        | Noticed an azure jelly
  4290 | D        | Noticed an azure jelly
  4315 | D        | Killed an azure jelly
  4315 | D        | Received a gift from Sif Muna
  4316 | D        | Got Teral's Parchment of Transmuted Blows {god gift}
  4319 | D        | Killed an azure jelly
  4320 | D        | Reached skill level 17 in Spellcasting
  4320 | D        | Reached skill level 10 in Summonings
  4320 | D        | Reached skill level 1 in Poison Magic
  4322 | D        | Killed an azure jelly
  4328 | D        | Killed an azure jelly
  4329 | D        | Reached XP level 13. HP: 73/73 MP: 0/34
  4514 | D        | Received a gift from Sif Muna
  4670 | D        | Learned a level 4 spell: Iskenderun's Mystic Blast
  4823 | D        | Received a gift from Sif Muna
  4829 | D        | Got Sif Muna's Discursus on Generative Angles {god gift}
  4838 | D        | Learned a level 6 spell: Summon Cactus Giant
  4938 | D        | Reached skill level 18 in Spellcasting
  5200 | D        | Received a gift from Sif Muna
  5201 | D        | Got Vehumet's Anthology of Battle Magic {god gift}
  5252 | D        | Noticed a nagaraja
  5263 | D        | Killed a nagaraja
  5360 | D        | Found Utisikhi's Magic Scroll Boutique.
  5360 | D        | Found Othresteg's Antique Armour Emporium.
  5363 | D        | Found Dadobb's Jewellery Shop.
  5369 | D        | Bought a ring of wizardry for 390 gold pieces
  5369 | D        | Bought a +6 ring of intelligence for 468 gold pieces
  5369 | D        | Bought a ring of fire for 325 gold pieces
  5387 | D        | Got a serpentine rune of Zot
  5452 | D        | Received a gift from Sif Muna
  5454 | D        | Got Sif Muna's Collected Works on Flaming Chilblains {god
                  | gift}
  5534 | D        | Reached skill level 19 in Spellcasting
  5625 | D        | Noticed Urug
  5628 | D        | Killed Urug
  5849 | D        | Noticed a kraken
  5858 | D        | Killed a kraken
  5858 | D        | Received a gift from Sif Muna
  5859 | D        | Got Sif Muna's Anthology of Friendly Imprecation {god gift}
  6318 | D        | Reached skill level 20 in Spellcasting
  6663 | D        | Reached XP level 14. HP: 81/81 MP: 17/38
  6748 | D        | Found Vajo's Jewellery Boutique.
  6748 | D        | Found Keisalah's Distillery.
  6748 | D        | Found Boklunigh's Antique Weapon Emporium.
  6756 | D        | Got a barnacled rune of Zot
  6764 | D        | Bought a +6 ring of intelligence for 432 gold pieces
  6904 | D        | Killed Joseph
  6905 | D        | Killed Harold
  7018 | D        | Received a gift from Sif Muna
  7019 | D        | Got Sif Muna's Textbook on Arson and the Swarm {god gift}
  7030 | D        | Learned a level 8 spell: Ignition
  7240 | D        | Received a gift from Sif Muna
  7243 | D        | Got Mooteid's Grimoire of the Fair Folk {god gift}
  7453 | D        | Reached skill level 1 in Ranged Weapons
  7764 | D        | Reached skill level 21 in Spellcasting
  7816 | D        | Received a gift from Sif Muna
  7818 | D        | Got Sif Muna's Incunable of the Shot and Support {god gift}
  7957 | D        | Received a gift from Sif Muna
  7958 | D        | Got Sif Muna's Guidebook on the Nauseating Retinue {god
                  | gift}
  8108 | D        | Noticed a sphinx
  8112 | D        | Noticed a sphinx
  8113 | D        | Killed a sphinx
  8115 | D        | Reached skill level 22 in Spellcasting
  8121 | D        | Killed a sphinx
  8277 | D        | Received a gift from Sif Muna
  8278 | D        | Reached skill level 15 in Conjurations
  8278 | D        | Got Sif Muna's Compendium of the Breezy Fair Folk {god
                  | gift}
  8834 | D        | Paralysed by a Zot trap for 5 turns
  8841 | D        | Received a gift from Sif Muna
  8842 | D        | Got Sif Muna's Essays on Percussion {god gift}
  9108 | D        | Reached skill level 23 in Spellcasting
  9320 | D        | Learned a level 9 spell: Fire Storm
  9343 | D        | Received a gift from Sif Muna
  9346 | D        | Reached XP level 15. HP: 86/86 MP: 26/42
  9348 | D        | Got Ryofoxe's Almanac of the Fjord and Death {god gift}
  9353 | D        | Noticed an ancient lich
  9484 | D        | Found Neubrure's Antique Weapon Emporium.
  9484 | D        | Found Hisui's Antique Weapon Shop.
  9484 | D        | Found Qefom's Book Shoppe.
  9484 | D        | Found Pashavejue's Antique Armour Boutique.
  9484 | D        | Found Sylul's Magic Scroll Emporium.
  9484 | D        | Found Zarphenk's Antique Armour Shop.
  9484 | D        | Found Uxzymn's Magic Scroll Emporium.
  9484 | D        | Found Lackeiv's Jewellery Boutique.
  9485 | D        | Found Wasemp's Magic Scroll Boutique.
  9485 | D        | Found Xivasum's Distillery.
  9485 | D        | Found Ysaist's Assorted Antiques.
  9516 | D        | Bought a scroll of blinking for 82 gold pieces
  9525 | D        | Bought a potion of heal wounds for 60 gold pieces
  9525 | D        | Bought a potion of curing for 36 gold pieces
  9525 | D        | Bought a potion of curing for 36 gold pieces
  9761 | D        | Received a gift from Sif Muna
  9762 | D        | Got Sif Muna's Quarto of Elliptic Obstruction {god gift}
  9866 | D        | Learned a level 3 spell: Hailstorm
  9872 | D        | Noticed Mara
  9874 | D        | Noticed Conn's illusion
  9883 | D        | Killed Mara
  9884 | D        | Reached skill level 24 in Spellcasting
 10047 | D        | Paralysed by a vampire knight for 2 turns
 10256 | D        | Received a gift from Sif Muna
 10257 | D        | Got Sif Muna's Spellbook of Fulgent Poison {god gift}
 10599 | D        | Noticed an ancient champion
 10602 | D        | Killed an ancient champion
 10602 | D        | Received a gift from Sif Muna
 10604 | D        | Identified the +2 short sword of Hutzouw {freeze, *Noise
                  | Will+ Str+2 Dex+2}
 10672 | D        | Noticed Nikola
 10683 | D        | Killed Nikola
 10684 | D        | Reached skill level 25 in Spellcasting
 10756 | D        | Noticed a storm dragon
 10762 | D        | Killed a storm dragon
 10763 | D        | Reached skill level 1 in Ice Magic
 10830 | D        | Found Ybuvai's Armour Shoppe.
 10830 | D        | Found Zaas's Distillery.
 10831 | D        | Received a gift from Sif Muna
 10832 | D        | Found Agaotwot's Distillery.
 10832 | D        | Found Imaran's Distillery.
 10834 | D        | Got Sif Muna's Dissertation on Solid Wounds {god gift}
 10845 | D        | Bought a potion of heal wounds for 70 gold pieces
 11030 | D        | Noticed Boris
 11033 | D        | Received a gift from Sif Muna
 11034 | D        | Got Sif Muna's Meditations on Hindering Abhorrent Deeds
                  | {god gift}
 11046 | D        | Killed Boris
 11047 | D        | Reached skill level 5 in Translocations
 11138 | D        | Noticed Mennas
 11141 | D        | Killed Mennas
 11601 | D        | Received a gift from Sif Muna
 11711 | D        | Got Sif Muna's Catalogue of Variable Hurting {god gift}
 11747 | D        | Noticed Roxanne
 11790 | D        | Killed Roxanne
 11791 | D        | Reached skill level 5 in Ice Magic
 11914 | D        | Reached XP level 16. HP: 91/91 MP: 34/45
 11969 | D        | Received a gift from Sif Muna
 11970 | D        | Got Sif Muna's Octavo of the Map and the Sky {god gift}
 12087 | D        | Found Awkudat's Distillery.
 12137 | D        | Reached skill level 10 in Stealth
 12137 | D        | Received a gift from Sif Muna
 12142 | D        | Got Sif Muna's Parchment of the Throng and Kindling {god
                  | gift}
 12609 | D        | Noticed an Executioner
 12612 | D        | Killed an Executioner
 12648 | D        | Learned a level 2 spell: Searing Ray
 12656 | D        | Learned a level 6 spell: Dispersal
 12659 | D        | Noticed Nessos
 12663 | D        | Killed Nessos
 12664 | D        | Reached skill level 1 in Shields
 12664 | D        | Reached skill level 26 in Spellcasting
 12872 | D        | Noticed Geryon
 12875 | D        | Received a gift from Sif Muna
 12895 | D        | Killed Geryon
 12895 | D        | Received a gift from Sif Muna
 12896 | D        | Got Sif Muna's Catalogue of Assaults and Mud {god gift}
 13153 | D        | Noticed the Serpent of Hell
 13159 | D        | Noticed a royal mummy
 13159 | D        | Noticed a royal mummy
 13162 | D        | Killed a royal mummy
 13162 | D        | Received a gift from Sif Muna
 13162 | D        | Killed a royal mummy
 13163 | D        | Reached skill level 5 in Shields
 13163 | D        | Noticed Gloorx Vloq
 13164 | D        | Noticed an Executioner
 13164 | D        | Noticed an Executioner
 13165 | D        | Noticed an Executioner
 13165 | D        | Noticed an Executioner
 13167 | D        | Slain by an Executioner

Illustrated notes

Levels and vault maps discovered:
D:        dungeon_sprint_mu [sprint_mu_entry_forest, sprint_mu_temple_rooms,
          sprint_mu_d1_spiders, sprint_mu_d2_genie, sprint_mu_d3_branching,
          sprint_mu_orc_legion, sprint_mu_elf_gauntlet, sprint_mu_hive_nellie,
          sprint_mu_lair_fedhas, sprint_mu_vaults_butterflies,
          sprint_mu_slime_circle, sprint_mu_shoals_kraken,
          sprint_mu_snake_twists, sprint_mu_blade_basic, sprint_mu_crypt_lich,
          sprint_mu_tomb_spiral, sprint_mu_vestibule_basic,
          sprint_mu_gehenna_hellfire, sprint_mu_dis_giant,
          sprint_mu_tartarus_statrot, sprint_mu_cocytus_islands, sprint_mu_zot1]

Skill      XL: |  1  2  3  4  5  6  7  8  9 10 11 12 13 14 15 16 |
---------------+-------------------------------------------------+-----
Stealth        | 3 4 5 9 13 | 13.1
Spellcasting   | 3 4 6 7 9 10 12 14 15 17 20 23 25 26 | 26.7
Fire Magic     | 5 6 7 9 10 12 13 15 16 17 18 20 22 24 25 | 25.3
Dodging        | 3 4 5 6 7 |  7.8
Conjurations   | 2 3 4 5 7 9 12 13 15 17 18 | 18.8
Short Blades   | 1 2 |  2.2
Hexes          | 2 4 5 6 7 |  7.6
Summonings     | 1 2 5 7 10 | 10.0
Fighting       | 1 2 |  2.9
Invocations    | 4 8 11 13 14 | 14.0
Air Magic      | 1 2 3 |  3.7
Translocations | 1 2 6 7 |  7.8
Poison Magic   | 1 |  1.8
Ranged Weapons | 3 |  3.3
Ice Magic      | 5 8 |  8.4
Shields        | 5 |  5.5
Maces & Flails | |  0.9
Earth Magic    | |  0.6

Action                     |  1- 3 |  4- 6 |  7- 9 | 10-12 | 13-15 | 16-18 || total
---------------------------+-------+-------+-------+-------+-------+-------++-------
  Melee: Tentacles         |     1 |       |       |       |     3 |       ||     4
         Unarmed           |     1 |       |       |       |       |       ||     1
         Dagger            |       |     1 |     3 |     1 |       |       ||     5
         Long sword        |       |       |     1 |       |       |       ||     1
         Staff             |       |       |       |       |     5 |       ||     5
         Constrict         |       |       |       |       |     2 |       ||     2
         Morningstar       |       |       |       |       |     4 |     1 ||     5
   Fire: Arbalest          |       |       |       |       |    33 |       ||    33
   Cast: Foxfire           |    14 |     1 |    20 |    49 |    73 |     6 ||   163
         Scorch            |       |     9 |    18 |    37 |   106 |     8 ||   178
         Flame Wave        |       |       |     4 |     6 |     8 |       ||    18
         Inner Flame       |       |       |     9 |    15 |    28 |     5 ||    57
         Summon Small Mamm |       |       |     3 |    10 |     4 |     2 ||    19
         Fireball          |       |       |       |    44 |    28 |     1 ||    73
         Mephitic Cloud    |       |       |       |     7 |     2 |       ||     9
         Summon Forest     |       |       |       |     2 |     1 |       ||     3
         Stone Arrow       |       |       |       |     1 |     5 |       ||     6
         Call Canine Famil |       |       |       |     3 |     4 |       ||     7
         Starburst         |       |       |       |     3 |    23 |     3 ||    29
         Summon Lightning  |       |       |       |     2 |    15 |     1 ||    18
         Blink             |       |       |       |     1 |     1 |    48 ||    50
         Summon Cactus Gia |       |       |       |       |    32 |     3 ||    35
         Ignition          |       |       |       |       |    14 |     3 ||    17
         Iskenderun's Myst |       |       |       |       |    10 |     2 ||    12
         Fire Storm        |       |       |       |       |    33 |    11 ||    44
         Hailstorm         |       |       |       |       |     3 |       ||     3
 Invoke: Channel Magic     |       |       |       |     7 |     3 |     1 ||    11
         Divine Exegesis   |       |       |       |       |       |     1 ||     1
    Use: Potion            |       |     1 |     1 |     2 |     2 |     1 ||     7
         Scroll            |       |       |     3 |     5 |     4 |     3 ||    15
   Stab: Sleeping          |       |     1 |     3 |       |       |       ||     4
         Distracted        |       |       |       |       |     1 |       ||     1
 Armour: Skin              |     1 |       |       |     2 |    12 |     1 ||    16
  Dodge: Dodged            |     2 |     3 |    14 |    17 |    90 |    18 ||   144
  Block: Tower shield      |       |       |       |       |     6 |    13 ||    19

Table legend: (Time is in decaauts) A = Elapsed time spent in this place. B = Non-inter-level travel time spent in this place. C = Inter-level travel time spent in this place. D = Time resting spent in this place. E = Time spent auto-exploring this place. F = Levels seen in this place. G = Mean time per level. A B C D E F G +--------+--------+--------+--------+--------+-----+--------+ Total | 13200 | 13180 | 20 | 8529 | 191 | 1 | 13200.0 | Dungeon | 13200 | 13180 | 20 | 8529 | 191 | 1 | 13200.0 | +--------+--------+--------+--------+--------+-----+--------+

Top non-repeatable levels by time:
       D: 13200 daAuts
